 Dungeon Crawl Stone Soup version 0.29.1-14-g9c671dbff4 (webtiles) character file.

Game seed: 15556210177472066865

235 leafyfresh the Sneak (level 6, 0/37 HPs)
             Began as an Octopode Conjurer on Feb 14, 2023.
             Was an Initiate of Ashenzari.
             Slain by an orc wizard
             ... wielding a +0 dagger
              (3 damage)
             ... on level 3 of the Dungeon.
             The game lasted 00:05:40 (4075 turns).

leafyfresh the Sneak (Octopode Conjurer)            Turns: 4075, Time: 00:05:40

Health: 0/37       AC:  1    Str:  6    XL:     6   Next: 5%
Magic:  9/9        EV: 13    Int: 23    God:    Ashenzari [......]
Gold:   135        SH:  0    Dex: 10    Spells: 2/10 levels left

rFire   . . .      SeeInvis .   e - +0 dagger
rCold   . . .      Faith    .   (no shield)
rNeg    . . .      Spirit   .   (helmet restricted)
rPois   .          Reflect  .   (no amulet)
rElec   .          Harm     .   l - ring of wizardry
rCorr   .          Rampage  .   (no ring)
Will    .....                   (no ring)
Stlth   ++........              (no ring)
HPRegen 0.12/turn               (no ring)
MPRegen 0.11/turn               (no ring)
                                (no ring)
                                (no ring)

@: confused
A: almost no armour, amphibious, 8 rings, camouflage 1, gelatinous body 1,
(nimble swimmer 1), tentacles
a: Renounce Religion


You were on level 3 of the Dungeon.
You worshipped Ashenzari.
Ashenzari was noncommittal.
You visited 2 branches of the dungeon, and saw 5 of its levels.

You collected 135 gold pieces.

Inventory:

Hand Weapons
 e - a +0 dagger (weapon)
Missiles
 n - 2 poisoned darts
Armour
 f - a +0 helmet
 w - a +1 robe of cold resistance
Jewellery
 l - a ring of wizardry (left tentacle)
 m - an amulet of guardian spirit
Wands
 p - a wand of polymorph (13)
 s - a wand of flame (5)
Scrolls
 b - 4 scrolls of identify {unknown}
 c - 2 scrolls of immolation {unknown}
 d - a scroll of fear {unknown}
 g - 2 scrolls of butterflies {unknown}
 j - a scroll of noise {unknown}
 k - 2 scrolls of teleportation {unknown}
 q - a scroll of poison {unknown}
 u - a scroll of blinking {unknown}
Potions
 a - a potion of magic
 h - a potion of flight {unknown}
 i - 2 potions of mutation {unknown}
 o - a potion of curing {unknown}
 r - a potion of heal wounds {unknown}
 t - a potion of berserk rage {unknown}
 v - a potion of might {unknown}


   Skills:
 + Level 0.8 Fighting
 - Level 2.3 Dodging
 + Level 6.0 Stealth
 + Level 2.5 Spellcasting
 - Level 5.3 Conjurations


You had 2 spell levels left.
You knew the following spells:

 Your Spells              Type           Power      Damage    Failure   Level
a - Magic Dart            Conj           100%       1d8       1%          1
b - Dazzling Flash        Conj/Hex       30%        N/A       4%          3
c - Fulminant Prism       Conj/Hex       7%         3d7       16%         4

Your spell library contained the following spells:

 Spells                   Type           Power      Damage    Failure   Level
 Searing Ray              Conj           54%        2d6       1%          2
 Iskenderun's Mystic Bla  Conj/Tloc      15%        2d5       16%         4


Dungeon Overview and Level Annotations

Branches:
Dungeon (4/15)             Temple (1/1) D:4

Altars:
Ashenzari
Cheibriados
Hepliaklqana
Makhleb
Nemelex Xobeh
Ru
Uskayaw
Xom

Annotations:
D:4 Eustachio


Innate Abilities, Weirdness & Mutations

You cannot wear most types of armour.
You are amphibious.
You can wear up to eight rings at the same time.
Your skin changes colour to match your surroundings (Stealth+).
Your rubbery body absorbs attacks. (AC +1, EV +1)
((You are camouflaged when in or above water. (Stealth+)))
You have tentacles for arms and can constrict up to eight enemies at once.


Message History

You see here a giant cockroach corpse.
The quokka attacks as you move away! The quokka misses you.
The quokka attacks as you move away! The quokka closely misses you. x2
There is a stone staircase leading up here.
The quokka barely misses you.
You climb upwards.
Reactivating autopickup.
There is a stone staircase leading down here.
You barely miss the quokka. You grab the quokka.
Your squeeze misses the quokka. You constrict the quokka.
Something completely misses you. The quokka closely misses you.
You hit the quokka.
You squeeze the quokka, but do no damage.
The quokka is moderately wounded.
You constrict the quokka, but do no damage.
Something hits you.
Deactivating autopickup; reactivate with Ctrl-A.
The quokka closely misses you.
You hit the quokka but do no damage.
The quokka is moderately wounded.
You constrict the quokka. The quokka bites you. Something hits you.
You hit the quokka but do no damage. You squeeze the quokka.
You kill the quokka!
You hear some strange, mumbled words.
Something tries to affect you, but you resist.
Something barely misses you.
You hear some strange, mumbled words.
A puff of flame appears from out of thin air!
The puff of flame hits you!
* * * LOW HITPOINT WARNING * * *
You hear some strange, mumbled words.
You are confused.
You bump into the rock wall.
You're too confused to move!
You completely miss something. Something hits you.
* * * LOW HITPOINT WARNING * * *
You bump into the rock wall.
Something hits you.
* * * LOW HITPOINT WARNING * * *
Something hits you.
You die...

#.##..# #...##### #..#
#.#...# #.......##### #..#
#.##..# #...........# #..#
#.##..#####...###.###.# #..#
#.##..........# #.# #.# #..#
#.#...##..##.## #.# #.# #..#
#............# #.# #.# #..#
###...##..#######.###.####...
##.###....@...............#
#.# ##.#######.###.###..##
#.####.#.......# #.# #.##
#...##........## #.# #.#
###....#รท####.####.# #.#
#............<##(# #.#
#......####.#.#..# #.#
#..#.#.####.#.#.## #.#
##..#.#...##.#.#.# #.#


There were no monsters in sight!

Vanquished Creatures
  A black bear (D:2)
  A howler monkey (D:4)
  4 adders (D:2)
  An ufetubus (D:3)
  A dart slug (D:1)
  6 orcs
  3 ball pythons
  6 endoplasms
  6 giant cockroaches
  2 goblins
  4 hobgoblins
  4 jackals (D:1)
  3 quokkas
  6 bats
  2 frilled lizards
  7 kobolds
  7 rats
64 creatures vanquished.

Notes
Turn   | Place    | Note
-------+----------+-------------------------------------------
     0 | D:1      | leafyfresh the Octopode Conjurer began the quest for the
                  | Orb.
     0 | D:1      | Reached XP level 1. HP: 11/11 MP: 3/3
   153 | D:1      | Reached skill level 3 in Stealth
   153 | D:1      | Reached XP level 2. HP: 13/17 MP: 3/5
   732 | D:1      | Reached XP level 3. HP: 18/21 MP: 6/6
  1461 | D:2      | Reached skill level 4 in Stealth
  1658 | D:2      | Found a sacrificial altar of Ru.
  1818 | D:2      | Reached XP level 4. HP: 27/27 MP: 7/7
  2229 | D:2      | Noticed a black bear
  2237 | D:2      | Killed a black bear
  2238 | D:2      | Reached skill level 5 in Stealth
  2238 | D:2      | Reached skill level 5 in Conjurations
  2238 | D:2      | Reached XP level 5. HP: 4/31 MP: 4/8
  2682 | D:2      | Found a faded altar of an unknown god.
  2734 | D:2      | Learned a level 3 spell: Dazzling Flash
  2739 | D:2      | Learned a level 4 spell: Fulminant Prism
  3635 | D:4      | Noticed Eustachio
  3908 | D:4      | Found a staircase to the Ecumenical Temple.
  3914 | Temple   | Entered the Ecumenical Temple
  3919 | Temple   | Became a worshipper of Ashenzari the Shackled
  3953 | D:4      | Reached skill level 6 in Stealth
  3953 | D:4      | Reached XP level 6. HP: 36/37 MP: 0/9
  4075 | D:3      | Slain by an orc wizard

Illustrated notes

Levels and vault maps discovered:
D:1:      onia_arrival_pyramid, layout_basic
D:2:      kennysheep_six_static_rooms, layout_basic,
          shapermc_ecumenical_altar_acropolis, basic_altar,
          minmay_worlds_worst_comb
D:3:      layout_loops_ring
D:4:      layout_basic, minmay_temple_entry_drinking_statues, uniq_eustachio
Temple:   hellmonk_temple_micro_hex

Skill      XL: |  1  2  3  4  5 |
---------------+----------------+-----
Stealth        | 3 4 5 6 |  6.0
Conjurations   | 5 |  5.3
Fighting       | |  0.8
Dodging        | |  2.3
Spellcasting   | |  2.5

Action                   |  1- 3 |  4- 6 || total
-------------------------+-------+-------++-------
Melee: Unarmed           |     4 |       ||     4
       Constrict         |    11 |    11 ||    22
       Dagger            |    52 |    65 ||   117
       Tentacles         |     5 |    13 ||    18
       Punch             |     1 |     2 ||     3
 Cast: Magic Dart        |    21 |    13 ||    34
       Dazzling Flash    |       |     2 ||     2
 Stab: Sleeping          |    13 |    10 ||    23
Armor: Skin              |     5 |    11 ||    16
Dodge: Dodged            |    30 |    63 ||    93
